SL
LOUISVILLE BC @ NEW AMSTERDAM REPUBLICS
08/19/2024
 
TOP OF THE 1ST
Louisville BC batting - Pitching for New Amsterdam Republics : RHP Neil Gilliam
Pitching: RHP Neil Gilliam
Batting: LHB Carroll Martin 0-0: Bunt for hit - play at first, batter OUT! 5-3
Batting: LHB Joram Nelen 0-0: Foul Ball, location: 2F
0-1: Ground out U3 (Groundball, 3)
Batting: RHB Andrés Rodríguez 0-0: Ball
1-0: Ball
2-0: Foul Ball, location: 2F
2-1: DOUBLE (Flyball, 9LS)
Batting: RHB Chi-ju Zhang 0-0: Called Strike
0-1: Fly out, F7 (Flyball, 78S)
Top of the 1st over - 0 run(s), 1 hit(s), 0 error(s), 1 left on base; Louisville 0 - New Amsterdam 0
BOTTOM OF THE 1ST
New Amsterdam Republics batting - Pitching for Louisville BC : RHP Anastasio Enríquez
Pitching: RHP Anastasio Enríquez
Batting: RHB Alfredo Suárez 0-0: Called Strike
0-1: Bunted foul
0-2: Fly out, F8 (Flyball, 8LS)
Batting: LHB Eric Ward 0-0: Ball
1-0: Ball
2-0: Fly out, F7 (Popup, 5D)
Batting: RHB Hank Wilder 0-0: Swinging Strike
0-1: Fly out, F9 (Flyball, 89XD)
Bottom of the 1st over - 0 run(s), 0 hit(s), 0 error(s), 0 left on base; Louisville 0 - New Amsterdam 0
TOP OF THE 2ND
Louisville BC batting - Pitching for New Amsterdam Republics : RHP Neil Gilliam
Batting: RHB Aurelio Vázquez 0-0: Ball
1-0: Called Strike
1-1: Ball
2-1: Called Strike
2-2: Fly out, F9 (Flyball, 9M)
Batting: LHB Tim Hargrove 0-0: Ball
1-0: Foul Ball, location: 2F
1-1: Fly out, F6 (Line Drive, 6)
Batting: SHB Chris Williamson 0-0: Ground out 1-3 (Groundball, 3S)
Top of the 2nd over - 0 run(s), 0 hit(s), 0 error(s), 0 left on base; Louisville 0 - New Amsterdam 0
BOTTOM OF THE 2ND
New Amsterdam Republics batting - Pitching for Louisville BC : RHP Anastasio Enríquez
Batting: LHB Félix López 0-0: Called Strike
0-1: Ball
1-1: Fly out, F8 (Flyball, 8LD)
Batting: RHB António Pérez 0-0: Ball
1-0: Called Strike
1-1: Foul Ball, location: 2F
1-2: Strikes out swinging
Batting: RHB Ed Anderson 0-0: Ball
1-0: Ball
2-0: Ground out 5-3 (Groundball, 5S)
Bottom of the 2nd over - 0 run(s), 0 hit(s), 0 error(s), 0 left on base; Louisville 0 - New Amsterdam 0
TOP OF THE 3RD
Louisville BC batting - Pitching for New Amsterdam Republics : RHP Neil Gilliam
Batting: LHB Arturo Acevedo 0-0: Ball
1-0: Called Strike
1-1: Swinging Strike
1-2: Ball
2-2: Ball
3-2: Foul Ball, location: 2F
3-2: Base on Balls
Batting: RHB Micheal Murdoch 0-0: Ball
Arturo Acevedo is caught stealing 2nd base
1-0: Foul Ball, location: 2F
1-1: Foul Ball, location: 2F
1-2: SINGLE (Line Drive, 4D)
Batting: LHB Carroll Martin 0-0: Fly out, F3 (Line Drive, 3)
Batting: LHB Joram Nelen 0-0: Ball
1-0: Ball
2-0: Ball
3-0: Called Strike
3-1: Base on Balls
Micheal Murdoch to second
Batting: RHB Andrés Rodríguez 0-0: Called Strike
0-1: Ball
1-1: Ball
2-1: Ball
3-1: DOUBLE (Flyball, 89XD)
Micheal Murdoch scores
Joram Nelen to third
Batting: RHB Chi-ju Zhang 0-0: Ball
1-0: Ball
2-0: Ground out 6-3 (Groundball, 6M)
Top of the 3rd over - 1 run(s), 2 hit(s), 0 error(s), 2 left on base; Louisville 1 - New Amsterdam 0
BOTTOM OF THE 3RD
New Amsterdam Republics batting - Pitching for Louisville BC : RHP Anastasio Enríquez
Batting: LHB Steve Ingram 0-0: Fly out, F7 (Popup, 56D)
Batting: RHB Tim Robinson 0-0: Swinging Strike
0-1: Foul Ball, location: 2F
0-2: Ball
1-2: Ball
2-2: Ball
3-2: Base on Balls
Batting: RHB Jim Harris 0-0: Ball
1-0: Ball
2-0: Ball
3-0: Called Strike
3-1: Foul Ball, location: 2F
3-2: Strikes out swinging
Batting: RHB Alfredo Suárez 0-0: Foul Ball, location: 2F
0-1: Ball
1-1: Swinging Strike
1-2: Ground out 6-3 (Groundball, 6)
Bottom of the 3rd over - 0 run(s), 0 hit(s), 0 error(s), 1 left on base; Louisville 1 - New Amsterdam 0
TOP OF THE 4TH
Louisville BC batting - Pitching for New Amsterdam Republics : RHP Neil Gilliam
Batting: RHB Aurelio Vázquez 0-0: Called Strike
0-1: Foul Ball, location: 2F
0-2: Foul Ball, location: 2F
0-2: Foul Ball, location: 2F
0-2: Ground out 4-3 (Groundball, 4)
Batting: LHB Tim Hargrove 0-0: Swinging Strike
0-1: Ball
1-1: Ball
2-1: Called Strike
2-2: Strikes out swinging
Batting: SHB Chris Williamson 0-0: Ball
1-0: Foul Ball, location: 2F
1-1: Fly out, F8 (Flyball, 8LD)
Top of the 4th over - 0 run(s), 0 hit(s), 0 error(s), 0 left on base; Louisville 1 - New Amsterdam 0
BOTTOM OF THE 4TH
New Amsterdam Republics batting - Pitching for Louisville BC : RHP Anastasio Enríquez
Batting: LHB Eric Ward 0-0: Ball
1-0: Foul Ball, location: 2F
1-1: Foul Ball, location: 2F
1-2: Ground out U3 (Groundball, 3S)
Batting: RHB Hank Wilder 0-0: Ball
1-0: Called Strike
1-1: Called Strike
1-2: SOLO HOME RUN (Flyball, 7LD), Distance : 348 ft
Batting: LHB Félix López 0-0: Called Strike
0-1: Foul Ball, location: 2F
0-2: Foul Ball, location: 2F
0-2: Fly out, F6 (Popup, 56D)
Batting: RHB António Pérez 0-0: Swinging Strike
0-1: Ball
1-1: Foul Ball, location: 2F
1-2: Ground out 1-3 (Groundball, 15)
Bottom of the 4th over - 1 run(s), 1 hit(s), 0 error(s), 0 left on base; Louisville 1 - New Amsterdam 1
TOP OF THE 5TH
Louisville BC batting - Pitching for New Amsterdam Republics : RHP Neil Gilliam
Batting: LHB Arturo Acevedo 0-0: Called Strike
0-1: Ball
1-1: Foul Ball, location: 2F
1-2: Ball
2-2: SINGLE (Line Drive, 89M)
Batting: RHB Micheal Murdoch 0-0: Sac Bunt - play at second, runner OUT! 2-6
Batting: LHB Carroll Martin 0-0: Ball
1-0: Ground out U3 (Groundball, 3)
Micheal Murdoch to second
Batting: LHB Joram Nelen 0-0: Ball
1-0: Foul Ball, location: 2F
1-1: SINGLE (Groundball, 5D)
Micheal Murdoch to third
Runner from 3rd tries for Home, SAFE, no throw or cutoff
Batting: RHB Andrés Rodríguez 0-0: Ball
1-0: Ball
2-0: Fly out, F5 (Line Drive, 5)
Top of the 5th over - 1 run(s), 2 hit(s), 0 error(s), 1 left on base; Louisville 2 - New Amsterdam 1
BOTTOM OF THE 5TH
New Amsterdam Republics batting - Pitching for Louisville BC : RHP Anastasio Enríquez
Batting: RHB Ed Anderson 0-0: Ball
1-0: Called Strike
1-1: Ball
2-1: Ground out 5-3 (Groundball, 56)
Batting: LHB Steve Ingram 0-0: Called Strike
0-1: Fly out, F8 (Flyball, 8LD)
Batting: RHB Tim Robinson 0-0: Swinging Strike
0-1: Called Strike
0-2: Ball
1-2: Ground out 6-3 (Groundball, 6MS)
Bottom of the 5th over - 0 run(s), 0 hit(s), 0 error(s), 0 left on base; Louisville 2 - New Amsterdam 1
TOP OF THE 6TH
Louisville BC batting - Pitching for New Amsterdam Republics : RHP Neil Gilliam
Batting: RHB Chi-ju Zhang 0-0: Swinging Strike
0-1: Fly out, F9 (Flyball, 9D)
Batting: RHB Aurelio Vázquez 0-0: Ball
1-0: Fly out, F4 (Popup, 3D)
Batting: LHB Tim Hargrove 0-0: Ball
1-0: Ball
2-0: SINGLE (Flyball, 8LS)
Batting: SHB Chris Williamson 0-0: Foul Ball, location: 2F
0-1: Ball
1-1: Ball
2-1: Fly out, F8 (Flyball, 78D)
Top of the 6th over - 0 run(s), 1 hit(s), 0 error(s), 1 left on base; Louisville 2 - New Amsterdam 1
BOTTOM OF THE 6TH
New Amsterdam Republics batting - Pitching for Louisville BC : RHP Anastasio Enríquez
Batting: RHB Jim Harris 0-0: Swinging Strike
0-1: Foul Ball, location: 2F
0-2: Ball
1-2: SINGLE (Line Drive, 34D)
Batting: RHB Alfredo Suárez 0-0: Ball
1-0: Ball
2-0: Sac Bunt - play at first, batter OUT! 2-4
Jim Harris to second
Batting: LHB Eric Ward 0-0: Ball
1-0: Swinging Strike
1-1: Foul Ball, location: 2F
1-2: Foul Ball, location: 2F
1-2: Ball
2-2: 2-RUN HOME RUN (Flyball, 9D), Distance : 383 ft
Batting: RHB Hank Wilder 0-0: Called Strike
0-1: Ball
1-1: Fly out, F7 (Flyball, 7S)
Batting: LHB Félix López 0-0: Foul Ball, location: 2F
0-1: Ball
1-1: Ball
2-1: Called Strike
2-2: Foul Ball, location: 2F
2-2: Foul Ball, location: 2F
2-2: Ball
3-2: Foul Ball, location: 2F
3-2: Base on Balls
Batting: RHB António Pérez 0-0: Foul Ball, location: 2F
0-1: Fly out, F8 (Flyball, 8RXD)
Bottom of the 6th over - 2 run(s), 2 hit(s), 0 error(s), 1 left on base; Louisville 2 - New Amsterdam 3
TOP OF THE 7TH
Louisville BC batting - Pitching for New Amsterdam Republics : RHP Neil Gilliam
Batting: LHB Arturo Acevedo 0-0: Ball
1-0: Swinging Strike
1-1: Ball
2-1: Called Strike
2-2: SINGLE (Groundball, 3)
Batting: RHB Micheal Murdoch 0-0: Bunted foul
0-1: Bunted foul
0-2: Ball
1-2: SINGLE (Line Drive, 6D)
Arturo Acevedo to second
Batting: LHB Carroll Martin 0-0: Ball
1-0: Called Strike
1-1: Bunted foul
1-2: Ball
2-2: Ground out 3-1 (Groundball, 34)
Arturo Acevedo to third
Micheal Murdoch to second
Batting: LHB Joram Nelen 0-0: Ball
1-0: Ball
2-0: Fly out, F9 (Flyball, 9D)
Runner from 3rd tags up, SCORES, no throw
Batting: RHB Andrés Rodríguez 0-0: Fly out, F4 (Popup, 34D)
Top of the 7th over - 1 run(s), 2 hit(s), 0 error(s), 1 left on base; Louisville 3 - New Amsterdam 3
BOTTOM OF THE 7TH
New Amsterdam Republics batting - Pitching for Louisville BC : RHP Anastasio Enríquez
Batting: RHB Ed Anderson 0-0: Ball
1-0: Ball
2-0: Ball
3-0: Called Strike
3-1: Called Strike
3-2: Base on Balls
Batting: LHB Steve Ingram 0-0: Bunted foul
0-1: Sac Bunt - play at first, batter OUT! 1-4
Ed Anderson to second
Batting: RHB Tim Robinson 0-0: Intentional Walk
Pitching: RHP William Waters
Batting: RHB Jim Harris 0-0: Foul Ball, location: 2F
0-1: Ball
1-1: Ball
2-1: Swinging Strike
2-2: Fly out, F8 (Flyball, 8RM)
Batting: RHB Alfredo Suárez 0-0: Called Strike
0-1: Fly out, F8 (Flyball, 8LM)
Bottom of the 7th over - 0 run(s), 0 hit(s), 0 error(s), 2 left on base; Louisville 3 - New Amsterdam 3
TOP OF THE 8TH
Louisville BC batting - Pitching for New Amsterdam Republics : RHP Neil Gilliam
Batting: RHB Chi-ju Zhang 0-0: Ball
1-0: SINGLE (Groundball, 4M)
Batting: RHB Aurelio Vázquez 0-0: Ball
1-0: Called Strike
1-1: Ball
2-1: Fly out, F7 (Flyball, 78S)
Batting: LHB Tim Hargrove 0-0: Ball
1-0: Ball
2-0: 2-RUN HOME RUN (Flyball, 9D), Distance : 388 ft
Pitching: RHP Albert Emery
Batting: SHB Chris Williamson 0-0: Ball
1-0: DOUBLE (Line Drive, 7LS)
Batting: LHB Arturo Acevedo 0-0: Ball
1-0: Swinging Strike
1-1: Swinging Strike
1-2: Strikes out looking
Batting: RHB Micheal Murdoch 0-0: Foul Ball, location: 2F
0-1: Foul Ball, location: 2F
0-2: Foul Ball, location: 2F
0-2: Ball
1-2: Foul Ball, location: 2F
1-2: SINGLE (Groundball, 5D)
Chris Williamson to third
Runner from 3rd tries for Home, SAFE, no throw or cutoff
Batting: LHB Carroll Martin 0-0: Ball
1-0: Ball
2-0: Ground out 6-3 (Groundball, 6)
Top of the 8th over - 3 run(s), 4 hit(s), 0 error(s), 1 left on base; Louisville 6 - New Amsterdam 3
BOTTOM OF THE 8TH
New Amsterdam Republics batting - Pitching for Louisville BC : RHP William Waters
Batting: LHB Eric Ward 0-0: Ball
1-0: Swinging Strike
1-1: Called Strike
1-2: Strikes out swinging
Batting: RHB Hank Wilder 0-0: Called Strike
0-1: Ball
1-1: Ball
2-1: Ball
3-1: Foul Ball, location: 2F
3-2: Base on Balls
Pitching: RHP Vincente Ortíz
Batting: LHB Félix López 0-0: Ball
1-0: Ball
2-0: Ball
3-0: Base on Balls
Hank Wilder to second
Batting: RHB António Pérez 0-0: Ball
1-0: SINGLE (Groundball, 6MD)
Hank Wilder to third
Félix López to second
Batting: RHB Ed Anderson 0-0: Foul Ball, location: 2F
0-1: Ball
1-1: Ball
2-1: Ball
3-1: Called Strike
3-2: Base on Balls
Hank Wilder scores
Félix López to third
António Pérez to second
Pitching: LHP Mathies Pilegaard
Pinch Hitting: RHB Quincy van Enk 0-0: Fly out, F8 (Flyball, 78M)
Runner from 3rd tags up, SCORES, throw made
Pitching: RHP Boyd Craig
Batting: RHB Tim Robinson 0-0: Ball
1-0: Ball
2-0: Foul Ball, location: 2F
2-1: Fly out, F4 (Line Drive, 4)
Bottom of the 8th over - 2 run(s), 1 hit(s), 0 error(s), 2 left on base; Louisville 6 - New Amsterdam 5
TOP OF THE 9TH
Louisville BC batting - Pitching for New Amsterdam Republics : RHP Albert Emery
Now at C: Quincy van Enk
Batting: LHB Joram Nelen 0-0: Ball
1-0: Ball
2-0: Called Strike
2-1: Ball
3-1: Base on Balls
Batting: RHB Andrés Rodríguez 0-0: Ball
1-0: Called Strike
1-1: Foul Ball, location: 2F
1-2: SINGLE (Groundball, 6MD)
Joram Nelen to second
Batting: RHB Chi-ju Zhang 0-0: Ball
1-0: Ball
2-0: Swinging Strike
2-1: Ball
3-1: Foul Ball, location: 2F
3-2: Base on Balls
Joram Nelen to third
Andrés Rodríguez to second
Batting: RHB Aurelio Vázquez 0-0: Ball
Wild Pitch!
Joram Nelen scores
Andrés Rodríguez to third
Chi-ju Zhang to second
1-0: Ball
2-0: Ball
3-0: Called Strike
3-1: Called Strike
3-2: Strikes out swinging
Batting: LHB Tim Hargrove 0-0: Foul Ball, location: 2F
0-1: Ball
1-1: Foul Ball, location: 2F
1-2: Ground out 3-1 (Groundball, 34)
Batting: SHB Chris Williamson 0-0: Ground out 4-3 (Groundball, 34)
Top of the 9th over - 1 run(s), 1 hit(s), 0 error(s), 2 left on base; Louisville 7 - New Amsterdam 5
BOTTOM OF THE 9TH
New Amsterdam Republics batting - Pitching for Louisville BC : RHP Boyd Craig
Batting: RHB Jim Harris 0-0: Called Strike
0-1: Called Strike
0-2: Ground out 1-3 (Groundball, 13S)
Batting: RHB Alfredo Suárez 0-0: Ball
1-0: Ball
2-0: Ball
3-0: Called Strike
3-1: Ground out 5-3 (Groundball, 56S)
Batting: LHB Eric Ward 0-0: Called Strike
0-1: Foul Ball, location: 2F
0-2: Ball
1-2: Ground out 4-3 (Groundball, 4M)
Bottom of the 9th over - 0 run(s), 0 hit(s), 0 error(s), 0 left on base; Louisville 7 - New Amsterdam 5
This league is powered by Out of the Park Baseball, the baseball management simulation game for PC, Mac and Linux
Monday, October 3rd, 2016 - OOTP Baseball 16.9 Build 39